 Dungeon Crawl Stone Soup version 0.25-a0-478-g33c61bd (webtiles) character file.

Game seed: 18368731620833128045, levelgen mode: deterministic

133 15 the Ruffian (level 4, -1/36 HPs)
             Began as a Draconian Transmuter on Feb 8, 2020.
             Slain by a gnoll
             ... wielding a +0 whip
              (4 damage)
             ... on level 3 of the Dungeon.
             The game lasted 00:09:11 (2205 turns).

15 the Ruffian (Draconian Transmuter)               Turns: 2205, Time: 00:09:11

Health: -1/36      AC:  6    Str: 14    XL:     4   Next: 93%
Magic:  7/8        EV: 12    Int: 16    God:
Gold:   116        SH:  0    Dex: 11    Spells: 2/8 levels left

rFire    . . .     SeeInvis .     - Unarmed
rCold    . . .     Gourm    .   (no shield)
rNeg     . . .     Faith    .   (armour unavailable)
rPois    .         Spirit   .   (helmet restricted)
rElec    .         Reflect  .   (no cloak)
rCorr    .         Harm     .   f - +0 pair of gloves
MR       .....                  (no boots)
Stlth    +.........             (no amulet)
HPRegen  0.12/turn              b - +3 ring of intelligence
MPRegen  0.11/turn              (no ring)

@: no status effects
A: unfitting armour, cold-blooded, AC +5
a: no special abilities


You were on level 3 of the Dungeon.
You were hungry.

You visited 1 branch of the dungeon, and saw 3 of its levels.

You collected 116 gold pieces.

Inventory:

Missiles
 a - 29 arrows
Armour
 f - a +0 pair of gloves (worn)
Jewellery
 b - a +3 ring of intelligence (left hand)
Scrolls
 h - a scroll of magic mapping {unknown}
 i - a scroll of immolation
 j - 3 scrolls of teleportation {unknown}
 l - a scroll of remove curse {unknown}
Potions
 d - a potion of agility
 e - a potion of might
 g - 2 potions of curing
 k - a potion of mutation {unknown}
Comestibles
 c - 3 rations


   Skills:
 * Level 1.9 Fighting
 * Level 2.2 Dodging
 * Level 4.1 Unarmed Combat
 * Level 2.9 Spellcasting
 * Level 2.7 Transmutations


You had 2 spell levels left.
You knew the following spells:

 Your Spells              Type           Power        Failure   Level  Hunger
a - Beastly Appendage     Tmut           ##....       6%          1    #......
b - Sticks to Snakes      Tmut           ##......     9%          2    ##.....
c - Spider Form           Tmut/Pois      #.........   32%         3    ###....

Your spell library contained the following spells:

 Spells                   Type           Power        Failure   Level  Hunger
 Ice Form                 Ice/Tmut       #.......     71%         4    #####..
 Blade Hands              Tmut           ##........   86%         5    ######.


Dungeon Overview and Level Annotations

Branches:
Dungeon (3/15)

Altars:


Innate Abilities, Weirdness & Mutations

Your plain brown scales are hard. (AC +5)
You cannot fit into any form of body armour.
You are cold-blooded and may be slowed by cold attacks.


Message History

The gnoll is severely wounded.
Your adder closely misses the gnoll.
The gnoll hits you but does no damage. The gnoll hits you with a +0 whip.
* * * LOW HITPOINT WARNING * * *
The gnoll hits you but does no damage. The gnoll completely misses your adder.
Your horns disappear.
Your adder closely misses the gnoll.
The gnoll hits you but does no damage.
Your adder barely misses the gnoll.
Your adder bites the gnoll but does no damage.
The gnoll barely misses your adder.
You closely miss the gnoll.
The gnoll is heavily wounded.
The gnoll looks more healthy.
The gnoll hits you with a +0 whip.
* * * LOW HITPOINT WARNING * * *
Your adder bites the gnoll.
The gnoll dies!
You barely miss the gnoll.
The gnoll is heavily wounded.
Your adder barely misses the gnoll.
The gnoll hits you with a +0 whip.
You die...

..... #.... ... ##.##
... ### ... #'# #.# #.#
##)## ######.# ##.@.##
#......#
#..g..#####.#####
#.######.S.##.).......#
........#)###<###.###.#
#.#####.#.###.###.# #.#
#...).......# #.#
###.###.##### #.# #.#
#.# #.# #.# #.#######.#


You could see a gnoll and a friendly adder.

Vanquished Creatures
  5 gnolls
  2 adders (D:2)
  An ooze (D:2)
  A worm (D:2)
  A dart slug (D:2)
  3 leopard geckos
  8 giant cockroaches
  7 goblins (D:1)
  2 hobgoblins
  4 jackals (D:2)
  3 kobolds
  4 bats
  4 frilled lizards
  6 rats
  4 toadstools (D:1)
55 creatures vanquished.

Vanquished Creatures (collateral kills)
  A gnoll (D:3)
1 creature vanquished.

Grand Total: 56 creatures vanquished

Notes
Turn   | Place    | Note
-------+----------+-------------------------------------------
     0 | D:1      | 15 the Draconian Transmuter began the quest for the Orb.
     0 | D:1      | Reached XP level 1. HP: 16/16 MP: 3/3
   367 | D:1      | Reached XP level 2. HP: 21/23 MP: 3/5
   374 | D:1      | Learned a level 2 spell: Sticks to Snakes
   997 | D:2      | Reached XP level 3. HP: 24/28 MP: 4/6
  1384 | D:2      | Learned a level 3 spell: Spider Form
  1518 | D:2      | Reached XP level 4. HP: 34/36 MP: 5/7
  2152 | D:3      | Reached skill level 4 in Unarmed Combat
  2205 | D:3      | Slain by a gnoll

Levels and vault maps discovered:
D:1:      ldierk_water_garden, layout_basic, ebering_dispersal_statue_hall
D:2:      layout_loops_cross, grunt_decor_fettered
D:3:      minmay_roachtagon, layout_loops_corners, patterned_corridor

Skill      XL: |  1  2  3  4 |
---------------+-------------+-----
Dodging        | 2 |  2.2
Unarmed Combat | 4 |  4.1
Fighting       | |  1.9
Spellcasting   | |  2.9
Transmutations | |  2.7

Action                   |  1- 3 |  4- 6 || total
-------------------------+-------+-------++-------
Melee: Unarmed           |   149 |    36 ||   185
       Tailslap          |    13 |     6 ||    19
       Kick              |     5 |     3 ||     8
       Headbutt          |     7 |     2 ||     9
 Cast: Beastly Appendage |    23 |     6 ||    29
       Sticks to Snakes  |       |     1 ||     1
  Use: Scroll            |     4 |       ||     4
  Eat: Chunk             |     2 |     2 ||     4
Armor: Skin              |    39 |     8 ||    47
Dodge: Dodged            |    85 |    20 ||   105

Table legend:
 A = Non-vault XP
 B = Vault XP
 C = Vault XP percentage of total XP
 D = Non-vault monster count
 E = Vault monster count
 F = Vault count percentage of total count
                 A         B        C        D         E       F
            +---------+---------+-------+---------+---------+-------
      Total |     190 |       0 |   0.0 |      52 |       0 |   0.0
            +---------+---------+-------+---------+---------+-------
        D:1 |      35 |       0 |   0.0 |      22 |       0 |   0.0
        D:2 |      91 |       0 |   0.0 |      25 |       0 |   0.0
        D:3 |      64 |       0 |   0.0 |       5 |       0 |   0.0
            +---------+---------+-------+---------+---------+-------
